cohdb
Replays
Latest Replays
All Replays
Popular Replays
Top Player Replays
Match Explorer
How It Works
Community
CoH3 Stats
Reddit
Sign in to upload your games and track your stats! →
Sign in with Steam
Match 42505899
Unlisted
Match 42505899
Overview
Messages
Build Orders
End
Kradschützen Motorcycle Team
Panzergrenadier Squad
Panzergrenadier Squad
Construct Light Support Kompanie
Selects Panzerjäger Kommand Battlegroup
Selects Mine Fields
MG34 Team
Fire Support Elements
Assault Mechanized Group
Panzerjäger Squad
Selects Defensive Positions
Selects Defensive Positions
Construct Panzerarmee Kommand
Selects Tank Busters
Panzer III L Medium Tank
Vehicle Survival Package
Veteran Squad Leaders
Selects Crew Shock Tactics
Armored Reserves
Panzergrenadier Squad
StuG Assault Group
Selects Anti-tank Overwatch
Saueee
kapoc849
PlayboyDiCaprio
Malin
0
0
Comments
sign in to comment!
No comments posted yet!